Map: Asper Mountain

Players

FrankAtWar

  • Race: Terran Terran
  • League: Silver

OldDog

  • Race: Protoss Protoss

DARKUSER

  • Race: Protoss Protoss
  • League: Gold

FuzzyRobot

  • Race: Protoss Protoss

stang - Winner!

  • Race: Protoss Protoss

chuan - Winner!

  • Race: Zerg Zerg
  • League: Platinum

Grumm - Winner!

  • Race: Terran Terran
  • League: Gold

ToRTo - Winner!

  • Race: Protoss Protoss

VOD

Have the link to the VOD?

Description

Time

  • Played on: Feb. 5, 2016, 11:51 p.m.
  • Length: 18:53
Show
View Real Time Build Order
Export as new Build Order

FrankAtWar Terran 

Build Orders: MMM Bio 

Get SALT Encoding   

  12  0:01  SCV  
  13  0:13  SCV  
  14  0:23  Supply Depot  
  14  0:25  SCV  
  15  0:33  Refinery  
  15  0:44  SCV  
  15  0:47  Barracks  
  16  0:56  SCV  
  17  1:08  SCV  
  18  1:18  Barracks  
  18  1:20  SCV  
  19  1:29  Engineering Bay  
  19  1:34  Marine  
  20  1:40  Orbital Command  
  20  1:49  Supply Depot  
  20  1:58  Terran Infantry Weapons Level 1  
  20  2:00  Marine  
  21  2:06  Marine  
  22  2:10  SCV  
  23  2:18  Marine  
  23  2:20  Refinery  
  23  2:22  SCV  
  25  2:24  Marine  
  26  2:34  SCV  
  26  2:36  Marine  
  28  2:39  Barracks  
  28  2:46  Marine, SCV  
  30  2:54  Marine  
  30  2:57  Supply Depot  
  31  3:10  Supply Depot  
  31  3:14  Barracks Tech Lab  
  31  3:19  Marine, SCV  
  33  3:26  Barracks Tech Lab  
  33  3:27  Factory  
  33  3:31  Combat Shields, SCV  
  34  3:36  Marine  
  34  3:37  Marine  
  36  3:45  Supply Depot  
  36  3:47  Stimpack  
  36  3:48  Marine  
  36  3:54  Marine  
  38  3:55  Terran Infantry Armor Level 1, Marine  
  39  4:06  Marine  
  40  4:12  Factory Reactor, Marine  
  41  4:22  Starport  
  41  4:23  Marine  
  42  4:24  Marine  
  42  4:30  Marine  
  44  4:41  Marine  
  44  4:42  Marine, Armory  
  46  4:53  Barracks Reactor  
  46  4:59  Marine  
  47  5:04  Supply Depot  
  47  5:07  Command Center  
  47  5:11  Marine  
  48  5:16  Marine  
  49  5:23  Missile Turret  
  49  5:29  Marine  
  49  5:30  Marine  
  49  5:34  Marine  
  52  5:44  Starport Reactor  
  52  5:47  Marine  
  53  5:54  Marine x3  
  56  6:01  Terran Infantry Weapons Level 2  
  56  6:05  Marine  
  42  6:42  Marine x4  
  41  6:59  Marine  
  41  7:00  Marine x3  
  38  7:13  Medivac x2  
  42  7:17  Marine x2  
  42  7:18  Marine x2  
  46  7:35  Marine x3  
  46  7:36  Marine  
  50  7:53  Marine x4  
  50  7:54  Engineering Bay  
  50  7:58  Orbital Command  
  54  8:05  Medivac  
  56  8:11  Marine x4  
  60  8:28  Marine  
  60  8:29  Marine x3  
  53  8:47  Marine x4  
  53  8:48  Medivac x2  
  50  9:04  Marine x3  
  50  9:05  Marine  
  51  9:18  Medivac x2  
  51  9:22  Marine x4  
  59  9:25  SCV x2  
  59  9:29  Refinery  
  61  9:35  Refinery  
  61  9:37  SCV x2  
  63  9:40  Marine x4  
  67  9:48  Medivac x2  
  67  9:50  Terran Infantry Armor Level 2  
  71  9:53  Barracks  
  71  9:58  Marine x4  
  62  10:16  Marine x2  
  62  10:18  Medivac  
  59  10:21  Marine x2  
  61  10:28  Terran Vehicle And Ship Armor Level 1  
  61  10:30  Terran Infantry Weapons Level 3  
  61  10:33  Marine  
  61  10:34  Marine  
  63  10:39  Marine x2  
  63  10:41  SCV x2  
  67  10:51  Marine x2  
  67  10:53  SCV x2  
  71  10:57  Marine x2  
  71  11:00  Viking  
  71  11:01  Viking  
  71  11:02  Marine  
  78  11:17  Supply Depot  
  78  11:18  Supply Depot  
  78  11:39  Viking x2, Marine x4  
  86  11:40  Marine, SCV x2  
  89  11:56  Marine x3  
  66  12:19  Marine x3  
  66  12:20  Marine x2  
  65  12:37  Marine x4  
  65  12:38  Marine  
  70  12:55  Marine x5  
  75  13:03  Viking x2  
  76  13:13  Marine x5  
  76  13:16  Barracks  
  76  13:18  Barracks  
  80  13:30  Marine  
  80  13:31  Marine x4  
  80  13:32  Command Center  
  80  13:33  Viking  
  87  13:48  Marine x2  
  87  13:49  Marine x3  
  92  14:03  Barracks Reactor  
  92  14:05  Barracks Reactor  
  92  14:06  Marine x2  
  94  14:22  Supply Depot  
  94  14:26  Supply Depot  
  94  14:32  Marine x3  
  94  14:33  Marine  
  94  14:43  Refinery, Marine  
  95  14:47  Marine  
  95  14:48  Marine x3  
  95  14:50  Marine x3  
  95  14:51  Marine  
  103  15:01  Marine  
  103  15:05  Marine x2  
  96  15:08  Marine  
  90  15:16  Marine x3  
  90  15:17  Marine x2  
  90  15:19  Marine  
  96  15:23  Marine x2  
  96  15:26  Marine  
  96  15:27  Orbital Command  
  99  15:33  SCV x2  
  99  15:34  Marine x4  
  99  15:35  Refinery, Marine  
  106  15:36  Marine  
  106  15:41  Marine x2  
  109  15:43  Marine  
  109  15:45  SCV x2  
  104  15:52  Marine x2  
  74  16:17  Marine x2  
  74  16:18  Marine  
  69  16:23  Marine x3  
  69  16:24  Marine x3  
  75  16:35  Marine x3  
  78  16:41  Marine x4  
  78  16:42  Viking  
  78  16:43  Viking  
  88  16:53  Marine x2  
  90  16:59  Marine x2  
  58  17:11  Marine x2  
  39  17:46  Barracks  
  39  17:47  Barracks  
  39  17:49  Barracks x2  
  39  17:50  Barracks  
  39  18:10  Supply Depot x2  
  39  18:13  Supply Depot  
Show
View Real Time Build Order
Export as new Build Order

OldDog Protoss 

Build Orders:  

Get SALT Encoding   

  12  0:03  Probe (Chrono Boost)  
  13  0:13  Probe (Chrono Boost)  
  14  0:20  Pylon  
  14  0:27  Probe (Chrono Boost)  
  15  0:38  Probe (Chrono Boost)  
  15  0:42  Gateway  
  16  0:47  Assimilator  
  16  0:53  Assimilator  
  16  1:00  Probe (Chrono Boost)  
  17  1:11  Probe (Chrono Boost)  
  18  1:21  Probe (Chrono Boost)  
  19  1:37  Cybernetics Core  
  19  1:44  Gateway  
  19  1:50  Probe (Chrono Boost)  
  20  2:00  Probe (Chrono Boost)  
  21  2:11  Probe (Chrono Boost)  
  22  2:21  Probe (Chrono Boost)  
  23  2:38  Nexus  
  23  2:56  Pylon  
  23  2:58  Pylon  
  23  3:10  Pylon  
  23  3:14  Probe (Chrono Boost), Stalker (Chrono Boost)  
  23  3:16  Stalker (Chrono Boost)  
  28  3:29  Assimilator  
  28  3:34  Assimilator  
  28  3:45  Stalker (Chrono Boost)  
  28  3:47  Stalker (Chrono Boost)  
  32  3:51  Probe  
  33  3:57  Probe  
  34  4:03  Probe  
  34  4:09  Probe  
  36  4:12  Stalker (Chrono Boost)  
  36  4:13  Stalker (Chrono Boost)  
  36  4:15  Probe  
  41  4:27  Probe  
  42  4:38  Stalker (Chrono Boost)  
  44  4:39  Probe, Stalker (Chrono Boost)  
  44  4:45  Pylon x2  
  47  4:51  Probe  
  48  4:55  Probe  
  49  5:03  Mothership Core  
  49  5:04  Stalker (Chrono Boost)  
  49  5:05  Stalker (Chrono Boost)  
  55  5:07  Probe  
  56  5:19  Probe  
  57  5:25  Probe  
  58  5:30  Stalker (Chrono Boost)  
  58  5:31  Stalker (Chrono Boost)  
  62  5:37  Probe  
  62  5:41  Gateway  
  63  5:43  Gateway  
  63  5:49  Probe  
  64  5:56  Stalker (Chrono Boost)  
  68  5:57  Stalker (Chrono Boost)  
  68  6:01  Probe  
  69  6:42  Stalker (Chrono Boost)  
  69  6:43  Stalker (Chrono Boost)  
  69  6:47  Stalker x2 (Chrono Boost)  
  61  7:08  Stalker (Chrono Boost)  
  59  7:09  Stalker (Chrono Boost)  
  62  7:17  Stalker x2 (Chrono Boost)  
  49  7:34  Stalker (Chrono Boost)  
  49  7:35  Stalker (Chrono Boost)  
  55  7:47  Stalker x2 (Chrono Boost)  
  55  7:49  Probe  
  48  8:01  Probe  
  41  8:09  Robotics Facility  
  37  8:13  Probe  
  16  8:25  Probe  
  15  8:34  Probe  
  16  8:37  Probe  
  17  8:49  Probe  
  18  9:01  Probe  
  19  9:13  Probe  
  18  9:46  Probe  
  18  9:48  Probe  
  16  9:58  Probe  
  15  10:00  Probe  
  16  10:10  Probe (Chrono Boost)  
  16  10:12  Probe (Chrono Boost)  
  18  10:21  Probe (Chrono Boost)  
  18  10:23  Probe (Chrono Boost)  
  20  10:32  Probe (Chrono Boost)  
  20  10:34  Probe (Chrono Boost)  
  22  10:37  Observer  
  24  10:42  Probe (Chrono Boost)  
  24  10:44  Probe (Chrono Boost)  
  25  10:53  Stalker (Chrono Boost), Probe (Chrono Boost)  
  25  10:54  Stalker (Chrono Boost)  
  25  10:55  Probe (Chrono Boost)  
  25  10:56  Stalker (Chrono Boost)  
  33  11:03  Probe (Chrono Boost)  
  36  11:04  Probe (Chrono Boost)  
  36  11:05  Stalker (Chrono Boost)  
  33  11:15  Probe  
  33  11:16  Probe  
  21  11:22  Stalker (Chrono Boost)  
  12  12:29  Zealot x2 (Chrono Boost)  
  20  12:33  Zealot x2 (Chrono Boost)  
  20  12:52  Zealot (Chrono Boost)  
  20  12:53  Probe, Zealot (Chrono Boost)  
  25  13:05  Probe  
  20  13:17  Probe  
  19  13:23  Zealot (Chrono Boost)  
  19  13:24  Zealot (Chrono Boost)  
  19  13:26  Zealot (Chrono Boost)  
  25  13:29  Probe (Chrono Boost)  
  25  13:33  Probe (Chrono Boost)  
  27  13:41  Probe (Chrono Boost)  
  28  13:42  Zealot  
  28  13:45  Probe (Chrono Boost), Zealot  
  31  14:02  Probe (Chrono Boost)  
  32  14:08  Probe (Chrono Boost)  
  33  14:13  Probe (Chrono Boost)  
  34  14:18  Probe (Chrono Boost)  
  34  14:21  Stalker  
  34  14:23  Probe (Chrono Boost)  
  38  14:29  Probe (Chrono Boost)  
  39  14:34  Probe (Chrono Boost)  
  39  14:35  Stalker  
  42  14:40  Probe (Chrono Boost)  
  42  14:45  Probe (Chrono Boost)  
  44  14:55  Probe (Chrono Boost)  
  37  15:26  Zealot x2 (Chrono Boost)  
  45  15:28  Zealot x2 (Chrono Boost)  
  38  15:51  Zealot x2 (Chrono Boost)  
  38  15:56  Zealot x2 (Chrono Boost)  
  13  16:14  Zealot x2 (Chrono Boost)  
  17  16:23  Zealot x2 (Chrono Boost)  
  21  16:35  Zealot (Chrono Boost)  
  21  16:37  Zealot (Chrono Boost)  
  25  16:40  Probe (Chrono Boost)  
  25  16:46  Zealot  
  30  16:47  Zealot  
  30  16:49  Probe (Chrono Boost)  
  30  16:52  Probe (Chrono Boost)  
  35  17:01  Probe (Chrono Boost)  
  35  17:02  Probe (Chrono Boost)  
  38  17:13  Probe x2 (Chrono Boost)  
  16  17:23  Probe (Chrono Boost)  
  16  17:25  Probe (Chrono Boost)  
  19  17:38  Probe (Chrono Boost)  
Show
View Real Time Build Order
Export as new Build Order

DARKUSER Protoss 

Build Orders: Double Forge 

Get SALT Encoding   

  12  0:04  Probe (Chrono Boost)  
  13  0:18  Pylon  
  14  0:25  Assimilator  
  13  0:29  Probe (Chrono Boost)  
  14  0:39  Probe (Chrono Boost)  
  14  0:40  Gateway  
  16  0:50  Probe (Chrono Boost)  
  16  0:57  Assimilator  
  16  1:00  Probe (Chrono Boost)  
  17  1:11  Probe (Chrono Boost)  
  18  1:49  Probe (Chrono Boost)  
  19  1:55  Gateway  
  19  1:58  Gateway  
  19  2:00  Probe (Chrono Boost)  
  20  2:17  Forge  
  20  2:20  Pylon  
  20  2:26  Pylon  
  20  2:32  Gateway  
  20  2:33  Probe (Chrono Boost)  
  21  2:39  Zealot (Chrono Boost)  
  21  2:44  Probe  
  24  2:48  Zealot x2 (Chrono Boost)  
  28  2:56  Probe (Chrono Boost)  
  29  3:03  Zealot  
  31  3:07  Probe (Chrono Boost)  
  32  3:13  Zealot x2  
  32  3:18  Probe (Chrono Boost)  
  37  3:27  Protoss Ground Weapons Level 1 (Chrono Boost)  
  37  3:30  Zealot  
  39  3:37  Pylon  
  39  3:49  Photon Cannon  
  39  3:55  Zealot (Chrono Boost)  
  41  3:58  Forge  
  43  4:02  Zealot (Chrono Boost)  
  43  4:08  Zealot (Chrono Boost)  
  45  4:13  Zealot (Chrono Boost)  
  47  4:23  Cybernetics Core  
  47  4:46  Protoss Ground Armor Level 1 (Chrono Boost)  
  47  4:49  Pylon  
  47  5:07  Probe, Zealot x3  
  47  5:12  Twilight Council  
  54  5:16  Protoss Shields Level 1 (Chrono Boost)  
  54  5:19  Probe  
  55  5:48  Pylon  
  55  5:52  Pylon  
  51  5:57  Charge (Chrono Boost)  
  55  6:06  Zealot x2  
  63  6:11  Sentry  
  63  6:13  Zealot  
  63  6:33  Zealot x2  
  63  6:37  Zealot  
  63  6:41  Zealot  
  55  7:00  Zealot  
  57  7:04  Warp Gate  
  57  7:07  Zealot x2  
  57  7:08  Zealot  
  63  7:27  Robotics Facility, Zealot  
  65  7:34  Zealot x2  
  65  7:35  Zealot  
  71  7:48  Protoss Ground Weapons Level 2  
  69  7:54  Zealot  
  59  8:01  Zealot x2  
  43  8:15  Observer  
  44  8:22  Zealot x2  
  46  8:28  Zealot x2  
  50  8:49  Zealot x2  
  50  8:55  Zealot  
  50  9:26  Zealot x3  
  50  9:27  Zealot  
  28  10:33  Nexus  
  28  11:10  Stargate  
  28  11:11  Stargate  
  28  12:01  Phoenix  
  28  12:03  Phoenix  
Show
View Real Time Build Order
Export as new Build Order

FuzzyRobot Protoss 

Build Orders:  

Get SALT Encoding   

  12  0:04  Probe (Chrono Boost)  
  13  0:15  Probe (Chrono Boost)  
  14  0:23  Pylon  
  14  0:40  Probe (Chrono Boost)  
  15  0:46  Gateway  
  15  0:49  Gateway  
  15  0:52  Probe (Chrono Boost)  
  16  1:02  Probe (Chrono Boost)  
  17  1:15  Probe (Chrono Boost)  
  18  1:20  Assimilator  
  18  1:24  Assimilator  
  18  1:37  Cybernetics Core  
  18  1:41  Forge  
  18  1:43  Probe (Chrono Boost)  
  19  2:09  Nexus  
  19  2:13  Probe (Chrono Boost)  
  20  2:23  Probe (Chrono Boost)  
  21  2:32  Photon Cannon  
  21  2:37  Warp Gate (Chrono Boost)  
  21  2:40  Probe  
  22  2:52  Probe  
  22  2:56  Pylon  
  23  3:14  Probe (Chrono Boost), Stalker  
  23  3:15  Sentry  
  23  3:18  Pylon  
  28  3:20  Probe (Chrono Boost)  
  29  3:48  Probe (Chrono Boost)  
  30  3:49  Probe (Chrono Boost)  
  31  3:57  Twilight Council  
  31  3:59  Probe  
  32  4:04  Stalker  
  32  4:05  Stalker  
  32  4:06  Probe  
  32  4:09  Protoss Ground Weapons Level 1 (Chrono Boost)  
  37  4:14  Gateway  
  37  4:15  Probe  
  38  4:18  Assimilator  
  38  4:23  Probe  
  38  4:24  Assimilator  
  38  4:29  Probe  
  40  4:36  Probe  
  41  4:39  Blink (Chrono Boost)  
  41  4:54  Pylon  
  41  5:04  Probe  
  41  5:06  Probe  
  43  5:19  Pylon  
  43  5:31  Dark Shrine  
  43  5:36  Gateway  
  43  5:38  Probe  
  43  5:39  Probe  
  43  5:42  Stalker x2  
  49  5:43  Stalker  
  51  5:58  Protoss Shields Level 1 (Chrono Boost)  
  51  6:04  Forge x2  
  51  6:20  Stalker x2  
  51  6:21  Stalker  
  45  8:42  Dark Templar  
  45  8:43  Dark Templar x2  
  51  8:48  Dark Templar  
  37  9:49  Dark Templar x2  
  37  9:50  Dark Templar x2  
  45  10:11  Protoss Ground Weapons Level 2 (Chrono Boost)  
  45  10:16  Gateway  
  45  10:19  Gateway  
  45  10:21  Gateway  
  45  10:23  Gateway  
  45  10:27  Protoss Ground Armor Level 1 (Chrono Boost)  
  45  10:30  Protoss Shields Level 2 (Chrono Boost), Probe  
  45  10:31  Probe  
  47  10:35  Dark Templar  
  47  10:36  Dark Templar x2  
  47  10:37  Dark Templar  
  47  10:40  Probe  
  47  10:42  Nexus  
  56  10:43  Probe  
  56  10:44  Assimilator  
  56  10:48  Assimilator  
  57  10:55  Probe  
  58  11:20  Pylon  
  58  11:23  Stalker x2  
  58  11:24  Stalker x2  
  66  11:41  Photon Cannon  
  66  11:45  Photon Cannon  
  65  11:49  Photon Cannon  
  65  11:51  Photon Cannon  
  65  12:00  Dark Templar x3  
  65  12:01  Dark Templar x2  
  46  12:31  Stalker  
  46  12:32  Stalker  
  46  12:33  Stalker  
  46  12:35  Stalker  
  44  12:39  Stalker  
  38  13:04  Pylon, Probe  
  32  13:05  Probe x2  
  35  13:15  Probe  
  35  13:16  Probe  
  35  13:17  Probe  
  38  13:25  Probe  
  39  13:30  Pylon, Probe  
  39  13:32  Pylon  
  40  13:47  Photon Cannon  
  38  13:58  Photon Cannon  
  38  14:11  Photon Cannon  
  38  14:24  Photon Cannon  
  38  14:36  Dark Templar x2  
  38  14:37  Dark Templar x3  
  38  14:38  Dark Templar  
  46  14:51  Probe  
  29  14:52  Probe  
  29  14:56  Pylon  
  30  15:02  Probe  
  30  15:05  Probe  
  32  15:12  Probe  
  33  15:17  Probe  
  28  15:49  Probe  
Show
View Real Time Build Order
Export as new Build Order

stang Protoss - Winner!

Build Orders:  

Get SALT Encoding   

  12  0:02  Probe (Chrono Boost)  
  13  0:12  Probe (Chrono Boost)  
  14  0:23  Probe (Chrono Boost)  
  15  0:29  Pylon  
  15  0:37  Assimilator  
  15  0:47  Probe (Chrono Boost)  
  16  0:56  Gateway  
  16  0:58  Probe (Chrono Boost)  
  17  1:08  Probe (Chrono Boost)  
  17  1:10  Assimilator  
  18  1:19  Probe (Chrono Boost)  
  18  1:23  Pylon  
  19  1:29  Probe (Chrono Boost)  
  19  1:30  Gateway  
  20  1:40  Probe (Chrono Boost)  
  21  1:47  Cybernetics Core  
  21  1:51  Probe (Chrono Boost)  
  23  2:01  Probe (Chrono Boost)  
  23  2:07  Gateway  
  23  2:18  Probe (Chrono Boost)  
  24  2:24  Warp Gate (Chrono Boost)  
  24  2:29  Probe  
  25  2:32  Gateway  
  25  2:44  Sentry  
  25  2:45  Sentry  
  25  2:49  Probe  
  30  3:01  Pylon, Probe  
  31  3:19  Stalker  
  33  3:29  Probe  
  33  3:31  Nexus  
  34  3:34  Pylon  
  34  3:39  Pylon  
  34  3:45  Stalker  
  36  3:53  Stalker  
  38  3:56  Probe (Chrono Boost)  
  39  4:12  Twilight Council  
  39  4:27  Stalker x2  
  39  4:28  Stalker  
  45  4:31  Probe (Chrono Boost)  
  46  4:42  Probe (Chrono Boost)  
  46  4:43  Probe (Chrono Boost)  
  48  4:47  Assimilator  
  48  4:51  Blink (Chrono Boost)  
  48  4:52  Probe (Chrono Boost)  
  48  4:54  Probe  
  50  5:01  Stalker  
  50  5:05  Sentry  
  50  5:06  Sentry  
  56  5:07  Sentry  
  58  5:22  Pylon  
  58  5:30  Probe  
  58  5:31  Probe  
  58  5:34  Pylon  
  60  5:38  Pylon  
  60  5:42  Pylon, Probe  
  61  5:44  Assimilator  
  61  5:52  Stalker  
  61  5:53  Stalker x2  
  61  5:54  Probe  
  68  5:58  Sentry  
  70  6:06  Probe  
  71  6:16  Robotics Facility  
  71  6:24  Stalker  
  71  6:25  Stalker x2  
  77  6:27  Sentry  
  47  7:25  Stalker  
  47  7:26  Stalker x3  
  51  7:51  Forge, Immortal  
  51  7:52  Forge  
  51  7:53  Stalker x2  
  51  7:54  Stalker x2  
  43  8:30  Immortal  
  43  8:31  Sentry x2  
  43  8:32  Sentry x2  
  55  9:00  Stalker  
  55  9:01  Stalker x3  
  63  9:09  Immortal (Chrono Boost)  
  63  9:22  Protoss Ground Armor Level 1 (Chrono Boost)  
  61  9:28  Protoss Ground Weapons Level 1 (Chrono Boost)  
  61  9:36  Stalker  
  61  9:37  Stalker  
  65  9:38  Zealot  
  65  9:39  Zealot  
  69  9:47  Immortal (Chrono Boost)  
  59  10:21  Immortal (Chrono Boost)  
  63  10:26  Stalker x3  
  63  10:27  Stalker  
  71  10:37  Probe  
  71  10:40  Gateway  
  71  10:42  Gateway  
  72  10:43  Charge (Chrono Boost)  
  72  10:44  Gateway  
  72  10:49  Gateway  
  72  10:50  Probe, Zealot x4  
  80  11:02  Probe  
  81  11:14  Probe  
  83  11:18  Observer (Chrono Boost)  
  83  11:26  Probe  
  84  11:37  Observer (Chrono Boost)  
  85  11:44  Assimilator, Nexus  
  85  11:47  Pylon  
  85  11:48  Assimilator  
  85  11:49  Photon Cannon  
  85  11:51  Photon Cannon  
  85  11:52  Pylon  
  85  11:55  Photon Cannon  
  44  12:53  Zealot  
  44  12:54  Zealot x3  
  52  13:00  Photon Cannon  
  52  13:01  Observer (Chrono Boost)  
  52  13:02  Photon Cannon  
  52  13:04  Photon Cannon  
  53  13:06  Photon Cannon  
  53  13:17  Protoss Ground Weapons Level 2 (Chrono Boost), Observer  
  53  13:18  Protoss Shields Level 1 (Chrono Boost)  
  54  13:30  Stalker x2  
  54  13:31  Stalker  
  54  13:32  Stalker x2  
  54  13:33  Immortal  
  64  13:34  Stalker  
  64  13:35  Stalker  
  64  13:39  Sentry  
  74  14:07  Robotics Facility, Immortal  
  74  14:14  Robotics Bay  
  78  14:30  Stalker  
  80  14:33  Zealot  
  80  14:34  Zealot x4  
  80  14:36  Zealot  
  92  14:41  Immortal  
  96  14:58  Immortal  
  100  15:06  Sentry  
  102  15:07  Sentry x3  
  102  15:08  Sentry x3  
  114  15:15  Immortal  
  118  15:37  Immortal  
  71  16:10  Colossus  
  65  16:16  Colossus  
  77  16:20  Extended Thermal Lance (Chrono Boost)  
  77  16:25  Zealot x3  
  73  16:26  Zealot x4  
  73  16:27  Zealot  
  87  16:55  Gateway  
  87  16:56  Gateway  
  87  16:58  Gateway  
  87  17:03  Gateway, Nexus  
  87  17:04  Zealot x2  
  87  17:05  Gateway  
  87  17:06  Assimilator  
  87  17:08  Zealot  
  93  17:09  Assimilator  
  93  17:11  Zealot  
  93  17:15  Pylon  
  95  17:16  Pylon  
  95  17:18  Pylon  
  95  17:26  Observer x2  
  97  17:40  Stalker x2  
  101  17:44  Stalker  
  103  18:00  Stalker  
  103  18:01  Stalker  
  103  18:04  Stalker  
Show
View Real Time Build Order
Export as new Build Order

chuan Zerg - Winner!

Build Orders: 3 Hatch before Pool, Lurkers 

Get SALT Encoding   

  12  0:01  Drone  
  13  0:09  Drone  
  14  0:17  Overlord  
  15  0:35  Drone x2  
  15  0:37  Drone  
  17  0:50  Drone  
  18  0:59  Hatchery  
  18  1:02  Drone  
  18  1:10  Drone  
  19  1:27  Drone  
  19  1:31  Hatchery  
  19  1:40  Spawning Pool  
  19  1:42  Drone  
  19  1:43  Extractor  
  18  1:47  Drone  
  18  1:53  Overlord  
  19  2:02  Drone  
  20  2:11  Drone  
  21  2:18  Drone  
  23  2:22  Drone  
  23  2:25  Drone  
  23  2:27  Queen x2  
  28  2:32  Drone  
  29  2:47  Extractor  
  29  2:49  Drone  
  29  2:50  Drone x3  
  32  2:56  Queen  
  34  2:59  Drone  
  34  3:00  Drone x2  
  37  3:10  Lair  
  37  3:12  Drone  
  38  3:13  Drone  
  38  3:16  Drone  
  40  3:25  Overlord  
  40  3:26  Drone, Overlord  
  41  3:36  Roach Warren  
  40  3:45  Drone x6  
  46  3:56  Drone x5  
  46  3:57  Drone  
  52  4:08  Extractor  
  51  4:12  Evolution Chamber  
  51  4:13  Drone  
  51  4:14  Evolution Chamber, Extractor  
  51  4:15  Drone x5  
  54  4:18  Glial Reconstitution  
  54  4:27  Hydralisk Den  
  53  4:43  Drone x3  
  56  4:46  Overlord x3  
  56  4:47  Overlord  
  56  4:53  Drone, Extractor  
  56  4:54  Drone x3, Extractor  
  56  4:56  Overlord x3  
  56  4:57  Overlord  
  58  5:00  Lurker Den  
  58  5:05  Zerg Missile Weapons Level 1  
  58  5:07  Zerg Ground Armor Level 1  
  58  5:11  Overseer  
  59  5:21  Drone  
  59  5:22  Drone x10  
  69  5:48  Queen  
  71  5:51  Hatchery, Overlord x3  
  71  5:52  Overlord x4  
  70  5:59  Pneumatized Carapace  
  70  6:01  Overlord x2  
  70  6:11  Hatchery  
  61  6:57  Roach  
  61  6:59  Queen  
  60  7:11  Drone  
  60  7:12  Drone x2  
  63  7:16  Muscular Augments  
  63  7:20  Hydralisk x9  
  63  7:21  Hydralisk x5  
  88  7:32  Roach x2  
  88  7:33  Roach  
  84  7:53  Roach x2  
  84  7:54  Hatchery, Roach x7  
  80  8:23  Hatchery  
  57  8:27  Roach  
  57  8:28  Roach x7  
  71  8:44  Roach  
  71  8:45  Roach x2  
  71  8:46  Roach x7  
  83  9:04  Roach x5  
  79  9:30  Roach  
  65  9:47  Roach x5  
  65  9:52  Hydralisk x2  
  73  9:53  Hydralisk x4  
  81  10:15  Hydralisk x4  
  87  10:39  Lurker x2  
  87  10:40  Lurker x4  
  87  10:42  Roach x3  
  99  10:43  Roach  
  101  10:52  Ravager x5  
  101  10:53  Ravager  
  101  10:54  Ravager  
  108  10:59  Ravager  
  109  11:10  Roach  
  113  11:11  Roach  
  113  11:23  Hatchery  
  113  11:24  Spine Crawler  
  60  12:16  Roach  
  60  12:17  Roach x10  
  57  13:23  Roach x5  
  57  13:24  Roach x9  
  85  13:35  Roach x2  
  85  13:36  Roach  
  91  13:42  Overseer  
  91  13:58  Ravager  
  91  14:00  Ravager  
  91  14:01  Ravager  
  94  14:04  Ravager x2  
  94  14:05  Ravager x5  
  101  14:21  Hatchery  
  101  14:22  Roach  
  101  14:23  Roach x6  
  104  15:45  Ravager x2  
  104  15:46  Ravager  
  45  16:24  Roach  
  44  16:31  Evolution Chamber  
  44  16:32  Evolution Chamber, Overlord x8, Queen  
  44  16:33  Overlord x4  
  44  17:04  Roach  
  44  17:05  Roach x13  
  44  17:06  Roach x12  
  96  17:09  Roach  
  98  17:35  Ravager x4  
  98  17:36  Ravager x4  
  106  18:13  Overseer  
  106  18:14  Overseer  
Show
View Real Time Build Order
Export as new Build Order

Grumm Terran - Winner!

Build Orders:  

Get SALT Encoding   

  12  0:02  SCV  
  13  0:39  Command Center  
  13  0:44  SCV  
  14  0:53  Supply Depot  
  14  0:56  SCV  
  15  1:10  Refinery  
  15  1:15  SCV  
  16  1:24  Barracks  
  16  1:27  SCV  
  17  1:39  SCV  
  18  1:49  Refinery  
  18  1:54  SCV x2  
  20  2:14  Factory  
  20  2:19  SCV  
  20  2:20  SCV  
  22  2:27  Reaper  
  23  2:31  SCV  
  23  2:32  SCV  
  23  2:33  Refinery  
  23  2:36  Refinery  
  25  2:43  SCV  
  26  2:44  SCV  
  27  3:02  Starport  
  27  3:03  Widow Mine  
  31  3:16  Orbital Command  
  31  3:18  Orbital Command  
  29  3:36  Armory  
  29  3:39  Engineering Bay  
  29  3:44  Supply Depot  
  30  3:55  SCV x2  
  30  4:00  Starport Tech Lab  
  31  4:07  SCV  
  32  4:17  Starport  
  32  4:22  Starport  
  32  4:26  Missile Turret  
  32  4:31  Armory  
  32  4:36  SCV x2  
  34  4:48  Cloaking Field, SCV x2  
  36  4:56  Starport Tech Lab  
  36  4:58  Armory  
  36  5:04  Starport Tech Lab, SCV x2  
  38  5:16  SCV x2  
  38  5:17  Supply Depot  
  38  5:18  Missile Turret  
  40  5:22  Missile Turret  
  40  5:28  SCV x2  
  42  5:39  Banshee  
  42  5:40  Banshee  
  48  5:50  Hi-Sec Auto Tracking  
  48  5:53  Terran Ship Weapons Level 1  
  48  5:54  Terran Vehicle And Ship Armor Level 1  
  48  5:56  SCV x2  
  50  6:06  Supply Depot  
  50  6:08  SCV x2  
  50  6:09  Supply Depot  
  52  6:12  Terran Vehicle Weapons Level 1  
  52  6:18  Viking  
  54  6:28  Viking  
  56  6:51  SCV x2  
  58  7:02  Fusion Core  
  58  7:26  SCV  
  58  7:27  SCV  
  60  7:32  Banshee x3  
  66  7:53  Factory Reactor  
  66  7:56  Marine  
  67  8:00  Terran Ship Weapons Level 2, Terran Vehicle And Ship Armor Level 2  
  67  8:12  Command Center  
  67  8:14  Marine  
  67  8:16  Banshee  
  68  8:31  Marine  
  69  8:35  Banshee  
  69  8:39  Banshee  
  65  8:42  Liberator  
  62  8:49  Marine  
  62  8:55  Behemoth Reactor  
  63  9:02  Bunker  
  66  9:03  Widow Mine x2  
  66  9:07  Liberator x2  
  66  9:08  Starport  
  70  9:24  Marine  
  70  9:25  Orbital Command  
  70  9:28  Refinery  
  77  9:32  Widow Mine x2, Refinery  
  81  9:56  Starport Tech Lab  
  81  9:57  Weapon Refit  
  81  10:00  Widow Mine  
  81  10:02  Terran Vehicle Weapons Level 2  
  81  10:05  Widow Mine  
  85  10:13  Battlecruiser  
  91  10:20  Supply Depot  
  91  10:21  Supply Depot  
  91  10:22  Supply Depot  
  91  10:23  Supply Depot  
  91  10:29  Widow Mine  
  93  10:41  Battlecruiser, Widow Mine  
  101  10:43  Battlecruiser  
  101  10:44  Supply Depot  
  101  10:46  Supply Depot  
  107  10:57  Widow Mine  
  97  12:26  Battlecruiser x4  
  118  12:32  Terran Ship Weapons Level 3  
  118  13:30  Battlecruiser  
  124  13:55  Battlecruiser x3  
  138  14:05  Supply Depot  
  138  14:10  Supply Depot  
  138  14:12  Supply Depot x2  
  136  14:34  Battlecruiser  
  136  14:35  Supply Depot  
  142  14:59  Battlecruiser x2  
  130  15:25  Terran Vehicle And Ship Armor Level 3  
  130  15:27  Terran Vehicle Weapons Level 3  
  130  15:39  Medivac, Orbital Command  
  132  16:27  Refinery  
  132  16:29  Refinery  
  132  16:32  Refinery  
  132  16:34  Refinery, SCV  
  133  16:40  Viking x4  
  133  16:45  Supply Depot  
  133  16:46  SCV  
  142  16:47  Supply Depot  
  142  16:58  SCV  
  143  17:08  SCV x2  
  145  17:09  Supply Depot  
  145  17:10  Viking x4, SCV  
  155  17:22  SCV  
  155  17:33  Supply Depot  
  155  17:35  SCV  
  156  17:40  Viking x4  
  164  17:47  SCV  
  165  17:57  Supply Depot  
  165  18:10  Viking x4  
Show
View Real Time Build Order
Export as new Build Order

ToRTo Protoss - Winner!

Build Orders: 1 Gate Expand, Forge Fast Expand (FFE) 

Get SALT Encoding   

  12  0:02  Probe (Chrono Boost)  
  13  0:13  Probe (Chrono Boost)  
  14  0:23  Probe (Chrono Boost)  
  14  0:24  Pylon  
  15  0:42  Probe (Chrono Boost)  
  16  0:45  Forge  
  16  0:56  Gateway  
  16  1:21  Photon Cannon  
  16  1:32  Nexus  
  16  1:44  Photon Cannon  
  16  1:53  Assimilator  
  16  1:57  Probe (Chrono Boost)  
  16  1:58  Assimilator  
  17  2:08  Probe (Chrono Boost)  
  18  2:18  Probe (Chrono Boost)  
  19  2:25  Pylon  
  19  2:28  Pylon  
  19  2:29  Probe (Chrono Boost)  
  20  2:39  Probe (Chrono Boost)  
  21  2:47  Cybernetics Core  
  21  2:50  Probe x2 (Chrono Boost)  
  23  3:01  Probe (Chrono Boost)  
  24  3:12  Probe (Chrono Boost)  
  25  3:16  Assimilator  
  25  3:20  Assimilator  
  25  3:22  Probe (Chrono Boost)  
  26  3:31  Stargate x2  
  26  3:39  Pylon  
  27  3:48  Probe (Chrono Boost)  
  27  3:59  Probe (Chrono Boost)  
  28  4:09  Probe (Chrono Boost)  
  29  4:16  Void Ray x2 (Chrono Boost)  
  37  4:19  Probe  
  38  4:31  Nexus  
  38  4:41  Zealot  
  40  4:46  Probe  
  41  4:58  Probe  
  42  5:06  Void Ray x2 (Chrono Boost)  
  50  5:18  Pylon  
  50  5:39  Pylon  
  50  5:43  Void Ray (Chrono Boost)  
  50  5:44  Void Ray (Chrono Boost), Probe  
  59  5:54  Probe  
  60  5:57  Pylon  
  60  6:03  Protoss Air Weapons Level 1  
  60  6:05  Probe  
  61  6:12  Stargate  
  61  6:13  Stargate  
  61  6:16  Probe  
  61  6:17  Pylon  
  62  6:21  Pylon  
  60  6:26  Cybernetics Core  
  36  6:48  Void Ray (Chrono Boost)  
  36  6:49  Void Ray (Chrono Boost)  
  47  7:04  Void Ray (Chrono Boost)  
  39  7:15  Void Ray (Chrono Boost)  
  41  7:32  Assimilator  
  41  7:35  Assimilator  
  45  7:54  Void Ray (Chrono Boost)  
  29  8:44  Probe  
  30  8:54  Void Ray (Chrono Boost), Probe  
  38  8:59  Void Ray (Chrono Boost)  
  39  9:05  Probe  
  40  9:16  Probe  
  40  9:24  Pylon  
  41  9:26  Probe  
  41  9:28  Nexus  
  42  9:31  Pylon  
  42  9:37  Pylon  
  42  9:40  Void Ray (Chrono Boost)  
  42  9:45  Void Ray (Chrono Boost)  
  50  9:46  Pylon  
  50  9:49  Pylon  
  50  9:52  Void Ray (Chrono Boost)  
  58  9:54  Void Ray (Chrono Boost)  
  62  10:21  Void Ray (Chrono Boost)  
  62  10:25  Protoss Air Armor Level 1  
  62  10:28  Void Ray (Chrono Boost)  
  66  10:40  Probe  
  67  10:50  Probe  
  76  10:58  Void Ray (Chrono Boost)  
  76  10:59  Void Ray (Chrono Boost)  
  76  11:01  Probe  
  77  11:11  Probe  
  78  11:21  Void Ray (Chrono Boost)  
  78  11:22  Probe  
  87  11:26  Void Ray (Chrono Boost)  
  87  11:32  Probe  
  96  11:52  Void Ray (Chrono Boost)  
  96  11:53  Void Ray (Chrono Boost)  
  96  11:55  Assimilator  
  96  11:59  Assimilator  
  96  12:04  Probe  
  97  12:15  Probe  
  97  12:22  Void Ray (Chrono Boost)  
  106  12:27  Void Ray (Chrono Boost)  
  114  13:03  Void Ray x2 (Chrono Boost)  
  114  13:13  Probe  
  115  13:24  Probe  
  116  13:46  Nexus  
  116  13:47  Fleet Beacon  
  116  13:53  Pylon, Nexus  
  116  13:55  Pylon  
  116  14:01  Pylon  
  116  14:22  Void Ray (Chrono Boost)  
  132  14:27  Void Ray x2 (Chrono Boost)  
  132  14:28  Void Ray (Chrono Boost)  
  132  14:59  Void Ray (Chrono Boost)  
  148  15:10  Void Ray x3 (Chrono Boost)  
  148  15:36  Protoss Air Weapons Level 2  
  148  15:37  Protoss Air Armor Level 2  
  148  15:52  Void Ray (Chrono Boost)  
  164  15:58  Void Ray x3 (Chrono Boost)  
  164  16:00  Pylon  
  164  16:06  Pylon  
  148  17:54  Void Ray (Chrono Boost)  
  164  17:59  Void Ray x2 (Chrono Boost)  
  164  18:00  Void Ray (Chrono Boost)  
Tags
 
Add a new tag
Caveats
  • Supply blocks, unpowered buildings, or Contaminate may cause inaccurate times.
  • Supply counts are checked every 10 seconds.